 Dungeon Crawl Stone Soup version 0.30-a0-845-g7c6808c8ce (webtiles) character file.

Game seed: 6963266678193585127

566 cforsyth the Sneak (level 7, -5/66 HPs)
             Began as a Kobold Brigand on Mar 2, 2023.
             Slain by a sky beast (6 damage)
             ... on level 6 of the Dungeon.
             The game lasted 00:03:11 (3010 turns).

cforsyth the Sneak (Kobold Brigand)                 Turns: 3010, Time: 00:03:12

Health: -5/66      AC: 23    Str:  7    XL:     7   Next: 59%
Magic:  7/7        EV:  3    Int: 10    God:
Gold:   95         SH:  0    Dex: 22    Spells: 6/6 levels left

rFire   . . .      SeeInvis .    a - +2 dagger
rCold   . . .      Faith    .    (no shield)
rNeg    . . .      Spirit   .    b - melded +0 robe
rPois   +          Reflect  .    (helmet currently unavailable)
rElec   .          Rampage  .    c - melded +0 cloak
rCorr   .          NoTele   +    p - melded +0 pair of gloves
Will    .....                    (boots currently unavailable)
Stlth   +++++                    (no amulet)
HPRegen 0.31/turn                (no ring)
MPRegen 0.10/turn                (no ring)

@: brilliant, tree-form, hasted, very quick
A: stationary, stasis, torment immunity, boosted hp, small, no large weapons,
nightstalker 3, (iridescent scales 1), agile 1, dopey 1, MP-powered wands
a: no special abilities


You were on level 6 of the Dungeon.
You were a tree.
You visited 1 branch of the dungeon, and saw 4 of its levels.

You collected 95 gold pieces.

Inventory:

Hand Weapons
 a - a +2 dagger (weapon)
Missiles
 d - 9 poisoned darts (quivered)
 e - 3 curare-tipped darts
Armour
 b - a +0 robe (melded)
 c - a +0 cloak (melded)
 p - a +0 pair of gloves (melded)
Wands
 r - a wand of iceblast (8)
Scrolls
 f - 5 scrolls of identify {unknown}
 g - a scroll of enchant weapon {unknown}
 i - a scroll of enchant armour {unknown}
 j - 2 scrolls of magic mapping {unknown}
 k - a scroll of blinking {unknown}
 m - a scroll of fog {unknown}
 n - 3 scrolls of noise {unknown}
 o - a scroll of poison {unknown}


   Skills:
 + Level 4.6 Fighting
 + Level 5.5 Short Blades
 - Level 2.1 Throwing
 + Level 4.6 Dodging
 + Level 7.5 Stealth


You had 6 spell levels left.
You didn't know any spells.
Your spell library was empty.

Dungeon Overview and Level Annotations

Branches:
Dungeon (3/15)

Altars:
The Shining One


Innate Abilities, Weirdness & Mutations

You are a tree.
Your roots penetrate the ground, keeping you stationary.
You cannot be teleported.
You are immune to unholy pain and torment.
Your maximum health is greatly increased.
Your equipment is partially melded.
You are small and have problems with some larger weapons.
You are completely attuned to the shadows.
((You are partially covered in iridescent scales. (AC +2)))
You are agile. (Dex +4, Str/Int -1)
You are dopey. (Int -2)
You expend magic power (3 MP) to strengthen your wands.


Message History

You are too injured to fight recklessly!
You are too injured to fight recklessly!
You are too injured to fight recklessly!
You are too injured to fight recklessly!
You are too injured to fight recklessly!
You are too injured to fight recklessly!
You are too injured to fight recklessly!
You are too injured to fight recklessly!
You are too injured to fight recklessly!
You are too injured to fight recklessly!
You miss the sky beast. Your punch misses the sky beast.
The sky beast is moderately wounded.
You hit the sky beast but do no damage.
The sky beast is moderately wounded.
The sky beast flickers out of sight!
Deactivating autopickup; reactivate with Ctrl-A.
Something hits you. Something shocks you.
* * * LOW HITPOINT WARNING * * *
It was a potion of brilliance.
You feel clever all of a sudden. Something hits you.
* * * LOW HITPOINT WARNING * * *
Something shocks you.
* * * LOW HITPOINT WARNING * * *
It was a potion of lignification.
You turn into a tree.
Your +0 cloak melds into your body.
Your +0 pair of gloves melds into your body.
Your +0 robe melds into your body.
Your roots penetrate the ground.
Something hits you but does no damage.
It was a potion of haste.
You feel yourself speed up. Something hits you but does no damage.
It was a potion of mutation.
You feel extremely strange.
You feel stupid.
You feel your magical essence link to the dungeon's wands.
Iridescent scales grow over part of your body.
You feel agile. Something hits you.
* * * LOW HITPOINT WARNING * * *
Something shocks you.
You die...

....##.
♣..P....♣. ##.##
P........♣ #.#
..P.#..8P. #.#
♣.......♣. ##.#
♣P#.†.#..P
...#.#...
P...).....
...#.#...
PP.[_?.♣P♣
...#.....
♣...).....
...#.....
♣.#.♣.#♣..
.........
)P..{...♣P
..##.####
♣P§.#.... ..##.#
§♣......♣ ..##.#
♣P. !♣.. ..##.#
..##.#####♣♣ ♣
..##.......♣ r.
..########.♣♣♣.♣


There were no monsters in sight!

Vanquished Creatures
  An ice beast (D:6)
  3 ogres (D:6)
  A bullfrog (D:6)
  A hound (D:6)
  An iguana (D:6)
  A gnoll (D:6)
  An adder (D:2)
  2 river rats (D:6)
  An ufetubus (D:6)
  2 worms (D:2)
  A dart slug (D:2)
  5 orcs (D:6)
  A ball python (D:2)
  5 endoplasms (D:1)
  3 giant cockroaches
  A goblin (D:1)
  5 hobgoblins
  2 quokkas (D:1)
  6 bats
  3 frilled lizards
  6 kobolds
  5 rats
57 creatures vanquished.

Vanquished Creatures (others)
  3 plants (D:6)
3 creatures vanquished.

Grand Total: 60 creatures vanquished

Notes
Turn   | Place    | Note
-------+----------+-------------------------------------------
     0 | D:1      | cforsyth the Kobold Brigand began the quest for the Orb.
     0 | D:1      | Reached XP level 1. HP: 12/12 MP: 1/1
   248 | D:1      | Reached XP level 2. HP: 18/18 MP: 2/2
   989 | D:1      | Reached XP level 3. HP: 22/22 MP: 3/3
  1232 | D:2      | Identified the +1 scale mail of the Good {Contam rPois
                  | Int+3 Dex+2}
  1406 | D:2      | HP: 1/22 [poisoned by an adder]
  1409 | D:2      | Reached XP level 4. HP: 14/27 MP: 4/4
  2102 | D:3      | You fall into a shaft and drop 3 floors!
  2187 | D:6      | Noticed an ogre
  2190 | D:6      | Killed an ogre
  2191 | D:6      | Reached skill level 6 in Stealth
  2191 | D:6      | Reached XP level 5. HP: 32/32 MP: 5/5
  2540 | D:6      | Noticed a bullfrog
  2544 | D:6      | Killed a bullfrog
  2545 | D:6      | Reached XP level 6. HP: 38/38 MP: 6/6
  2976 | D:6      | Noticed an ogre
  2979 | D:6      | Killed an ogre
  2980 | D:6      | Reached skill level 5 in Short Blades
  2980 | D:6      | Reached skill level 7 in Stealth
  2985 | D:6      | Found a glowing golden altar of the Shining One.
  2986 | D:6      | Noticed an ogre
  2988 | D:6      | Reached XP level 7. HP: 43/43 MP: 7/7
  3010 | D:6      | Gained mutation: You are dopey. (Int -2) [potion of
                  | mutation]
  3010 | D:6      | Gained mutation: You expend magic power (3 MP) to
                  | strengthen your wands. [potion of mutation]
  3010 | D:6      | Gained mutation: You are partially covered in iridescent
                  | scales. (AC +2) [potion of mutation]
  3010 | D:6      | Gained mutation: You are agile. (Dex +4, Str/Int -1)
                  | [potion of mutation]
  3010 | D:6      | HP: 1/66 [something (4)]
  3010 | D:6      | Slain by a sky beast

Illustrated notes

Levels and vault maps discovered:
D:1:      psy_arrival_fountain, layout_basic,
          wander_ebering_terrifying_dragon_lair
D:2:      layout_loops_cross, minmay_tetromino_l2
D:3:      layout_loops_ring, dreamdust_ecumenical_altar_statues
D:6:      wad_woods_stonehenge, layout_basic

Skill      XL: |  1  2  3  4  5  6 |
---------------+-------------------+-----
Short Blades   | 3 4 5 |  5.5
Dodging        | 2 3 4 |  4.6
Fighting       | 3 4 |  4.6
Stealth        | 6 7 |  7.5
Throwing       | |  2.1

Action                     |  1- 3 |  4- 6 |  7- 9 || total
---------------------------+-------+-------+-------++-------
  Melee: Dagger            |    66 |    89 |    12 ||   167
         Punch             |     1 |     1 |       ||     2
    Use: Potion            |     2 |       |     4 ||     6
   Stab: Sleeping          |    25 |    11 |     3 ||    39
 Armour: Robe              |     8 |     7 |     1 ||    16
         Skin              |       |       |     2 ||     2
  Dodge: Dodged            |    38 |    42 |     3 ||    83

Table legend: (Time is in decaauts)
 A = Elapsed time spent in this place.
 B = Non-inter-level travel time spent in this place.
 C = Inter-level travel time spent in this place.
 D = Time resting spent in this place.
 E = Time spent auto-exploring this place.
 F = Levels seen in this place.
 G = Mean time per level.
                   A        B        C        D        E       F      G
               +--------+--------+--------+--------+--------+-----+--------+
         Total |   2976 |   2936 |     40 |    504 |   1974 |   4 |  744.0 |
       Dungeon |   2976 |   2936 |     40 |    504 |   1974 |   4 |  744.0 |
               +--------+--------+--------+--------+--------+-----+--------+

Top non-repeatable levels by time:
     D:1: 1205 daAuts
     D:6: 887 daAuts
     D:2: 717 daAuts
     D:3: 166 daAuts
